 Dungeon Crawl Stone Soup version 0.29.1-12-g30fa7ad0bf (webtiles) character file.

Game seed: 4386312432846449567

105 kingsuperguy the Chopper (level 4, 0/40 HPs)
             Began as a Hill Orc Monk on Dec 17, 2022.
             Succumbed to a scorpion's poison
             ... on level 3 of the Dungeon.
             The game lasted 00:03:31 (3863 turns).

kingsuperguy the Chopper (Hill Orc Monk)            Turns: 3863, Time: 00:03:32

Health: 0/40       AC:  9    Str: 14 (15) XL:     4   Next: 81%
Magic:  4/4        EV:  6    Int:  8 (10) God:
Gold:   217        SH:  0    Dex: 11 (13) Spells: 3/3 levels left

rFire   . . .      SeeInvis .   a - +0 hand axe
rCold   . . .      Faith    .   (no shield)
rNeg    . . .      Spirit   .   n - +0 chain mail
rPois   .          Reflect  .   (no helmet)
rElec   .          Harm     .   (no cloak)
rCorr   .          Rampage  .   (no gloves)
Will    .....                   k - +0 pair of boots
Stlth   ..........              (no amulet)
HPRegen 0.13/turn               (no ring)
MPRegen 0.09/turn               (no ring)

@: lethally poisoned (0 -> -1), invisible
A: no striking features
a: no special abilities


You were on level 3 of the Dungeon.
You visited 1 branch of the dungeon, and saw 3 of its levels.

You collected 217 gold pieces.

Inventory:

Hand Weapons
 a - a +0 hand axe (weapon)
Missiles
 o - 4 javelins (quivered)
Armour
 b - a +0 robe
 d - an orb of guile
 k - a +0 pair of boots (worn)
 n - a +0 chain mail (worn)
Jewellery
 e - an amulet of reflection
 g - a ring of protection from fire
Wands
 m - a wand of flame (11)
Scrolls
 c - a scroll of torment {unknown}
 f - 2 scrolls of teleportation {unknown}
 i - 4 scrolls of identify {unknown}
 q - a scroll of vulnerability {unknown}
 s - a scroll of enchant weapon {unknown}
 t - 2 scrolls of blinking {unknown}
Potions
 h - 2 potions of brilliance {unknown}
 j - 2 potions of mutation {unknown}
 p - 3 potions of lignification {unknown}
 r - a potion of degeneration
 u - a potion of curing {unknown}


   Skills:
 + Level 4.1 Fighting
 + Level 5.9 Axes
 + Level 0.8 Armour
 + Level 2.9 Dodging
 + Level 1.8 Stealth


You had 3 spell levels left.
You didn't know any spells.
Your spell library was empty.

Dungeon Overview and Level Annotations

Branches:
Dungeon (3/15)

Altars:


Message History

The scorpion is severely wounded.
You feel sick. The scorpion barely misses you.
You hit the scorpion.
The scorpion is almost dead.
You feel sick.
You are no longer poisoned.
The scorpion stings you.
You are poisoned.
The scorpion poisons you!
You closely miss the scorpion.
The scorpion is almost dead.
You feel very sick.
The scorpion stings you but does no damage.
You closely miss the scorpion.
The scorpion is almost dead.
You feel sick.
The scorpion stings you but does no damage. x2
You barely miss the scorpion.
The scorpion is almost dead.
You feel sick. The scorpion barely misses you.
You barely miss the scorpion.
The scorpion is almost dead.
You feel sick. The scorpion stings you.
* * * LOW HITPOINT WARNING * * *
You barely miss the scorpion.
The scorpion is almost dead.
You feel sick. The scorpion barely misses you.
You hit the scorpion but do no damage.
The scorpion is almost dead.
You feel sick. The scorpion stings you.
* * * LOW HITPOINT WARNING * * *
It was a potion of invisibility.
You fade into invisibility!
* * * LOW HITPOINT WARNING * * *
You feel sick. The scorpion closely misses you.
The scorpion stings you but does no damage.
It was a potion of degeneration.
There was something very wrong with that liquid.
You feel weakened.
You feel dopey.
You feel clumsy.
You die...

..........#
..........########
#................#######
#..........#####........
#......... ##.###### #
#........ #...+
####........s# #..###
#.....# ####@# ###..#
#.....###....# #..###
#............+ ###..#
#.....#.#....# #..###
#............# ###..#
#........###.# #..###
#........# #.# ###..#
#........# #.# #..##
####.#...# #.# #.# ###..


You could see a scorpion (unable to see you).

Vanquished Creatures
  A gnoll (D:1)
  3 adders
  2 worms (D:2)
  A dart slug (D:1)
  4 orcs (D:3)
  7 endoplasms
  7 goblins
  4 hobgoblins
  3 quokkas (D:1)
  5 ball pythons
  4 bats
  3 frilled lizards
  5 kobolds
  10 rats
59 creatures vanquished.

Notes
Turn   | Place    | Note
-------+----------+-------------------------------------------
     0 | D:1      | kingsuperguy the Hill Orc Monk began the quest for the Orb.
     0 | D:1      | Reached XP level 1. HP: 19/19 MP: 1/1
   103 | D:1      | Reached XP level 2. HP: 17/27 MP: 2/2
  1097 | D:1      | Reached XP level 3. HP: 27/33 MP: 3/3
  1171 | D:1      | Reached skill level 5 in Axes
  1850 | D:2      | Reached XP level 4. HP: 27/40 MP: 4/4
  2900 | D:3      | HP: 2/40 [poisoned by an orc]
  3842 | D:3      | Noticed a scorpion
  3861 | D:3      | HP: 2/40 [scorpion (3)]
  3863 | D:3      | Succumbed to a scorpion's poison

Illustrated notes

Levels and vault maps discovered:
D:1:      dpeg_arrival_refuge, layout_basic
D:2:      layout_loops_ring, minmay_misc_feat_nine_boxes
D:3:      minmay_razor_zed, layout_basic, nicolae_yredelemnul_ghost_church,
          guppyfry_early_orc_mine

Skill      XL: |  1  2  3 |
---------------+----------+-----
Axes           | 5 |  5.9
Fighting       | 4 |  4.1
Armour         | |  0.8
Dodging        | |  2.9
Stealth        | |  1.8

Action                   |  1- 3 |  4- 6 || total
-------------------------+-------+-------++-------
Melee: Hand axe          |   108 |   109 ||   217
       Punch             |     1 |     1 ||     2
  Use: Potion            |       |     3 ||     3
 Stab: Sleeping          |     2 |     1 ||     3
Armor: Robe              |    12 |    11 ||    23
       Chain mail        |       |    34 ||    34
Dodge: Dodged            |    62 |    55 ||   117
